 Dungeon Crawl Stone Soup version 0.31.0-12-g77e489cdc1 (webtiles) character file.

Game seed: 6479248772800439815

529 olmar the Sneak (level 7, 0/50 HPs)
             Began as a Demonspawn Hedge Wizard on Feb 22, 2024.
             Was a Believer of Lugonu.
             Collided with a stone wall (17 damage)
             ... after being knocked back by a wretched star
             ... on level 1 of the Abyss.
             The game lasted 00:07:59 (6161 turns).

olmar the Sneak (Demonspawn Hedge Wizard)           Turns: 6161, Time: 00:08:00

Health: 0/50       AC: 10    Str: 14    XL:     7   Next: 3%
Magic:  2/12       EV: 12    Int: 16    God:    Lugonu [**....]
Gold:   158        SH:  0    Dex:  8    Spells: 10/13 levels left

rFire   . .          .
                       - Unarmed
rCold   . . .        (no shield)
rNeg    . . .        b - +0 robe
rPois   .            c - +0 hat
rElec   .            q - +1 cloak of Folloxt {Will+ Str+3}
rCorr   .            x - +3 Mad Mage's Maulers {Infuse+∞ VampMP -Cast}
SInv    .            u - +0 pair of boots
Will    +....        (no amulet)
Stlth   ++           z - ring of wizardry
HPRegen 0.28/turn    (no ring)
MPRegen 0.13/turn

%: no spellcasting, wizardry (x1), infuse magic (2 MP)
@: about to teleport
A: foul stench 1, sharp scales 1, demonic touch 1, [clumsy 2]
a: Renounce Religion, Depart the Abyss, Banish


You were on level 1 of the Abyss.
You worshipped Lugonu.
Lugonu was pleased with you.
You visited 1 branch of the dungeon, and saw 5 of its levels.
You visited the Abyss 1 time.

You collected 158 gold pieces.

Inventory:

Hand Weapons
 a - a +0 dagger
 C - the +7 orcbow "Leviticus" {heavy, rF+}
   (You found it on level 5 of the Dungeon)

   rF+:       It protects you from fire.
Missiles
 k - 8 poisoned darts (quivered)
 y - 4 silver javelins
Armour
 b - a +0 robe (worn)
 c - a +0 hat (worn)
 h - a +0 pair of gloves
 q - the +1 cloak of Folloxt (worn) {Will+ Str+3}
   (You found it on level 2 of the Dungeon)

   Str+3:     It affects your strength (+3).
   Will+:     It increases your willpower.
 u - a +0 pair of boots (worn)
 x - the +3 Mad Mage's Maulers (worn) {Infuse+∞ VampMP -Cast}
   (You found it on level 3 of the Dungeon)

   Infuse+∞: It empowers its wearer's blows with all of their magic.
   VampMP:    Blows struck in melee replenish the wearer's magic.
   -Cast:     It prevents spellcasting.
Jewellery
 z - a ring of wizardry (left hand)
 A - a +4 ring of protection
Talismans
 j - a maw talisman
Wands
 B - a wand of flame (19)
Scrolls
 e - a scroll of identify {unknown}
 f - 2 scrolls of poison
 g - 2 scrolls of fog
 o - 2 scrolls of silence {unknown}
 t - a scroll of teleportation
Potions
 d - 2 potions of magic
 i - a potion of mutation {unknown}
 l - a potion of resistance {unknown}
 m - 2 potions of attraction
 n - a potion of heal wounds
 p - a potion of degeneration {unknown}
 r - a potion of enlightenment {unknown}
 s - a potion of cancellation {unknown}
 v - a potion of brilliance {unknown}
 w - 3 potions of curing


   Skills:
 + Level 2.3 Fighting
 - Level 0.1 Short Blades
 + Level 0.2 Throwing
 + Level 3.4 Dodging
 + Level 4.5 Stealth
 + Level 1.5 Unarmed Combat
 - Level 3.9 Spellcasting
 - Level 2.0 Conjurations
 + Level 1.4 Summonings
 + Level 0.8 Translocations


You had 10 spell levels left.
You knew the following spells:

 Your Spells              Type           Power      Damage    Failure   Level
a - Magic Dart            Conj           36%        1d4       2%          1
b - Call Imp              Summ           14%        N/A       6%          2

Your spell library contained the following spells:

 Spells                   Type           Power      Damage    Failure   Level
 Summon Small Mammal      Summ           28%        N/A       4%          1
 Sandblast                Erth           6%         2d5       7%          1
 Slow                     Hex            12%        N/A       7%          1
 Blink                    Tloc           10%        N/A       8%          2
 Cigotuvi's Dreadful Rot  Necr/Alch/Air  6%         N/A       11%         2
 Ensorcelled Hibernation  Hex/Ice        6%         N/A       11%         2
 Call Canine Familiar     Summ           7%         N/A       12%         3
 Stone Arrow              Conj/Erth      12%        3d7       13%         3
 Mephitic Cloud           Conj/Alch/Air  5%         N/A       16%         3
 Passwall                 Erth           3%         N/A       21%         3
 Swiftness                Air            3%         N/A       21%         3
 Brom's Barrelling Bould  Conj/Erth      6%         2d3       38%         4
 Summon Blazeheart Golem  Fire/Summ      5%         N/A       43%         4


Dungeon Overview and Level Annotations

Branches:
Dungeon (5/15)
 Temple: D:4-7

Altars:
Dithmenos
Hepliaklqana
Kikubaaqudgha
Trog
Yredelemnul


Innate Abilities, Weirdness & Mutations

You may rarely emit foul miasma when damaged in melee.
You are partially covered in razor-sharp scales. (AC +1, Slay +1)
Your touch may inflict minor irresistible damage on your foes.
[You are very clumsy. (Dex -4)]


Message History

Press < or > to pray at altars.
Unknown command.
Press < or > to pray at altars.
You kneel at the altar of Lugonu.
Lugonu welcomes you!
You can now depart the Abyss.
You can now banish your foes.
Unknown command.
Press < or > to pray at altars.
Unknown command.
Press < or > to pray at altars.
Magic restored.
HP restored.
Key pressed, stopping explore.
A blizzard demon bursts from nowhere.
A blizzard demon is nearby!
Unknown command.
Unknown command.
A wretched star comes into view.
You closely miss the wretched star. Your touch misses the wretched star.
The wretched star glows turbulently.
The lance of force hits you!
You are knocked back by the lance of force.
You slam into the metal wall!
Unknown command.
The wretched star pulses with an eldritch light!
You feel clumsy. x2
Unknown command.
Unknown command.
You punch the wretched star!
You touch the wretched star.
The wretched star is moderately damaged.
Unknown command.
As you read the scroll of teleportation, it crumbles to dust.
You feel strangely unstable.
You feel the power of the Abyss delaying your translocation!
Unknown command.
The wretched star glows turbulently.
The lance of force hits you!
You are knocked back by the lance of force.
You slam into the stone wall!
You die...

##....#..
..##.#.#
## #.#
..##.#
#.#.##.#
#.##..#
#...#
#.*.##
#..#.#.##
#.#..#.@#
######.#.#
####.# #..
..# .# .
..


You could see a wretched star.

Vanquished Creatures
  A phantom (D:5)
  A scorpion (D:4)
  A jelly (D:4)
  A hound (D:4)
  2 orc priests (D:4)
  4 orc wizards (D:4)
  An adder (D:2)
  2 dart slugs (D:1)
  2 ribbon worms
  15 orcs
  11 ball pythons
  9 endoplasms
  3 giant cockroaches
  6 goblins
  9 hobgoblins
  3 jackals (D:2)
  5 bats
  3 frilled lizards (D:3)
  6 kobolds
  4 rats
89 creatures vanquished.

Vanquished Creatures (collateral kills)
  A scorpion (D:4)
1 creature vanquished.

Grand Total: 90 creatures vanquished

Notes
Turn   | Place    | Note
-------+----------+-------------------------------------------
     0 | D:1      | olmar the Demonspawn Hedge Wizard began the quest for the
                  | Orb.
     0 | D:1      | Reached XP level 1. HP: 13/13 MP: 4/4
   348 | D:1      | Gained mutation: Your touch may inflict minor irresistible
                  | damage on your foes. [demonic ancestry]
   348 | D:1      | Reached XP level 2. HP: 19/19 MP: 4/6
  1096 | D:2      | Learned a level 2 spell: Call Imp
  1201 | D:2      | Found an ancient bone altar of Kikubaaqudgha.
  1219 | D:2      | Reached XP level 3. HP: 24/24 MP: 6/8
  1745 | D:2      | Identified the +1 cloak of Folloxt {Will+ Str+3}
  2623 | D:3      | Found a hazy altar of Hepliaklqana.
  2870 | D:3      | Reached skill level 2 in Stealth
  2870 | D:3      | Reached XP level 4. HP: 31/31 MP: 3/9
  3076 | D:3      | Found the +3 Mad Mage's Maulers {Infuse+∞ VampMP -Cast}
  3303 | D:3      | Reached skill level 1 in Fighting
  3681 | D:3      | Found a shadowy altar of Dithmenos.
  3756 | D:4      | Noticed a scorpion
  3758 | D:4      | Noticed a scorpion
  3775 | D:4      | Killed a scorpion
  3776 | D:4      | Reached XP level 5. HP: 19/37 MP: 2/10
  3796 | D:4      | Reached skill level 3 in Stealth
  3992 | D:4      | Gained mutation: You may rarely emit foul miasma when
                  | damaged in melee. [demonic ancestry]
  3992 | D:4      | Reached XP level 6. HP: 36/44 MP: 1/11
  3998 | D:4      | Reached skill level 4 in Stealth
  4086 | D:4      | Found a bloodstained altar of Trog.
  5437 | D:4      | Reached skill level 1 in Unarmed Combat
  5515 | D:4      | Found a basalt altar of Yredelemnul.
  5836 | D:5      | Entered Level 5 of the Dungeon
  5844 | D:5      | Gained mutation: You are partially covered in razor-sharp
                  | scales. (AC +1, Slay +1) [demonic ancestry]
  5844 | D:5      | Reached XP level 7. HP: 50/50 MP: 3/12
  5927 | D:5      | Identified the +7 orcbow "Leviticus" {heavy, rF+}
  6003 | Abyss:1  | Cast into level 1 of the Abyss (orc priest)
  6059 | Abyss:1  | Found a corrupted altar of Lugonu.
  6064 | Abyss:1  | Became a worshipper of Lugonu the Unformed
  6064 | Abyss:1  | Reached * piety under Lugonu
  6064 | Abyss:1  | Reached ** piety under Lugonu
  6152 | Abyss:1  | Noticed a blizzard demon
  6154 | Abyss:1  | Noticed a wretched star
  6161 | Abyss:1  | Collided with a stone wall

Illustrated notes

Levels and vault maps discovered:
D:1:      nzn_arrival_settlement, layout_basic, hex_tiny
D:2:      layout_loops_corners, basic_altar, minmay_pentomino_u2
D:3:      layout_basic, lemuel_crystal_altar,
          nicolae_dithmenos_through_a_glass_darkly
D:4:      layout_basic, trog_three_pillars_becter, lemuel_tele_altar,
          grunt_decor_cap, kennysheep_cross_bottleneck, minmay_pentomino_pile
D:5:      layout_layer_cave, minmay_temple_entry_trees
Abyss:1:  base:
D:3

Skill      XL: |  1  2  3  4  5  6 |
---------------+-------------------+-----
Dodging        | 2 3 |  3.4
Conjurations   | 2 |  2.0
Stealth        | 2 3 4 |  4.5
Fighting       | 1 2 |  2.3
Unarmed Combat | 1 |  1.5
Short Blades   | |  0.1
Throwing       | |  0.2
Spellcasting   | |  3.9
Summonings     | |  1.4
Translocations | |  0.8

Action                     |  1- 3 |  4- 6 |  7- 9 || total
---------------------------+-------+-------+-------++-------
  Melee: Dagger            |    30 |    58 |       ||    88
         Touch             |     1 |    13 |     2 ||    16
         Unarmed           |       |    57 |     7 ||    64
         Punch             |       |     1 |       ||     1
  Throw: Dart              |       |     4 |     4 ||     8
   Cast: Magic Dart        |   115 |    17 |       ||   132
         Call Imp          |       |     1 |       ||     1
    Use: Scroll            |     1 |       |     3 ||     4
         Potion            |       |     6 |     1 ||     7
   Stab: Sleeping          |       |     5 |       ||     5
         Distracted        |       |     1 |       ||     1
 Armour: Robe              |    19 |    41 |    11 ||    71
         Skin              |       |    60 |       ||    60
  Dodge: Dodged            |    33 |    34 |     2 ||    69
